[Event "106th British-ch Major 2019"]
[Site "Torquay"]
[Date "2019.08.04"]
[Round "9.17"]
[White "Sanitt, Ethan"]
[Black "Taylor, William J"]
[Result "1-0"]
[ECO "A36"]
[WhiteElo "1752"]
[BlackElo "2062"]
[Annotator "NA"]
[PlyCount "123"]
[EventDate "2019.07.27"]
[EventType "swiss"]
[EventCountry "GBR"]
[SourceTitle "playchess.com"]
[Source "ChessBase"]
[SourceQuality "1"]
[TimeControl "40/5400+30:1800+30"]

1. c4 Nf6 2. g3 g6 3. Bg2 Bg7 4. Nc3 O-O 5. d3 d6 6. e4 c5 7. Nge2 Nc6 8. O-O a6 9. h3 Rb8 10. a4 Ne8 11. Be3 e5 12. Nd5 Nc7 13. Nec3 Nxd5 14. Nxd5 Be6 15. Qd2 b6 16. Bh6 Qd7 17. Kh2 Nd4 18. Bxg7 Kxg7 19. Qg5 f6 20. Qh4 b5 21. axb5 axb5 22. Ra2 bxc4 23. dxc4 Rb3 24. f4 f5 25. Ra8 Bxd5 26. Rxf8 Kxf8 27. cxd5 Kg7 28. Rf2 Re3 29. fxe5 dxe5 30. Qg5 Rb3 31. exf5 Nxf5 32. g4 h6 33. Qc1 Ne7 34. Qxc5 Rb5 35. Qc4 Nxd5 36. Rd2 e4 37. Bxe4 Qd6+ 38. Kh1 Nb6 39. Rxd6 Nxc4 40. Rxg6+ Kf8 41. Bd3 Rb4 42. Bxc4 Rxc4 43. Rxh6 Rc1+ 44. Kg2 Rc2+ 45. Kg3 Rxb2 46. Rh7 Kg8 47. Rc7 Kh8 48. Kh4 Rb5 49. g5 Rb3 50. Kg4 Rb4+ 51. Kh5 Rb3 52. h4 Rb4 53. Kh6 Rb6+ 54. g6 Rb8 55. h5 Kg8 56. Kg5 Ra8 57. Rc6 Kg7 58. h6+ Kg8 59. h7+ Kg7 60. Rc7+ Kh8 61. Kh6 Rc8 62. g7# 1-0

[Event "106th British-ch Major 2019"]
[Site "Torquay"]
[Date "2019.08.04"]
[Round "9.18"]
[White "Menadue, Jeremy Fs"]
[Black "Tombolis, Christopher"]
[Result "1-0"]
[ECO "D35"]
[WhiteElo "2016"]
[BlackElo "1883"]
[Annotator "NA"]
[PlyCount "39"]
[EventDate "2019.07.27"]
[EventType "swiss"]
[EventCountry "GBR"]
[SourceTitle "playchess.com"]
[Source "ChessBase"]
[SourceQuality "1"]
[TimeControl "40/5400+30:1800+30"]

1. d4 d5 2. c4 e6 3. Nc3 Nf6 4. Bg5 Be7 5. Nf3 O-O 6. cxd5 exd5 7. Qc2 Nbd7 8. e3 h6 9. Bf4 b6 10. Bd3 a6 11. g4 g5 12. Bg3 Bb7 13. h4 Nxg4 14. Bf5 gxh4 15. Bxg4 hxg3 16. Rxh6 Nf6 17. Qf5 gxf2+ 18. Kf1 Re8 19. Qg5+ Kf8 20. Rh8+ 1-0

[Event "106th British-ch Major 2019"]
[Site "Torquay"]
[Date "2019.08.04"]
[Round "9.19"]
[White "Rushbrooke, Remy"]
[Black "Camp, Imogen Al"]
[Result "1-0"]
[ECO "D01"]
[WhiteElo "1963"]
[BlackElo "1850"]
[Annotator "NA"]
[PlyCount "57"]
[EventDate "2019.07.27"]
[EventType "swiss"]
[EventCountry "GBR"]
[SourceTitle "playchess.com"]
[Source "ChessBase"]
[SourceQuality "1"]
[TimeControl "40/5400+30:1800+30"]

1. d4 d5 2. Nc3 Nf6 3. Bg5 Nbd7 4. e3 e6 5. a3 Be7 6. Bd3 c5 7. Nf3 O-O 8. Ne5 Nxe5 9. dxe5 Nd7 10. Bf4 a6 11. Qh5 g6 12. Qg4 Re8 13. h4 Bf8 14. h5 Bg7 15. hxg6 hxg6 16. O-O-O b5 17. Rh3 c4 18. Bxg6 fxg6 19. Qxg6 Nf8 20. Qg4 Qc7 21. Rdh1 Kf7 22. Rg3 Kg8 23. Qh5 Re7 24. Qh8+ Kf7 25. Rxg7+ Ke8 26. Rg8 Rf7 27. Rh7 Qe7 28. Rxf7 Qxf7 29. Bh6 1-0

[Event "106th British-ch Major 2019"]
[Site "Torquay"]
[Date "2019.08.04"]
[Round "9.20"]
[White "Brown, Tom"]
[Black "Whitehead, Mark A"]
[Result "1-0"]
[ECO "E43"]
[WhiteElo "1953"]
[BlackElo "1887"]
[Annotator "NA"]
[PlyCount "69"]
[EventDate "2019.07.27"]
[EventType "swiss"]
[EventCountry "GBR"]
[SourceTitle "playchess.com"]
[Source "ChessBase"]
[SourceQuality "1"]
[TimeControl "40/5400+30:1800+30"]

1. d4 Nf6 2. c4 e6 3. Nc3 Bb4 4. e3 b6 5. Bd3 Bb7 6. Nf3 Ne4 7. Qc2 f5 8. O-O Bxc3 9. bxc3 c5 10. Nd2 Nxd2 11. Bxd2 O-O 12. f3 Nc6 13. Rab1 Qe7 14. Be1 d6 15. Bf2 Rad8 16. e4 Qf6 17. dxc5 dxc5 18. Bxc5 Rf7 19. Be3 f4 20. Bf2 Rfd7 21. Rfd1 Ba6 22. Bf1 Na5 23. Rxd7 Rxd7 24. c5 Bxf1 25. Rxf1 Qd8 26. cxb6 axb6 27. Qa4 Qc7 28. Rd1 Rxd1+ 29. Qxd1 Nc4 30. Qd4 Kf7 31. g3 b5 32. Kg2 Kg6 33. h4 e5 34. Qd5 fxg3 35. Qe6+ 1-0

[Event "106th British-ch Major 2019"]
[Site "Torquay"]
[Date "2019.08.04"]
[Round "9.21"]
[White "Barton, R Alan"]
[Black "Roy, Ali"]
[Result "0-1"]
[ECO "D30"]
[WhiteElo "1941"]
[BlackElo "1871"]
[Annotator "NA"]
[PlyCount "46"]
[EventDate "2019.07.27"]
[EventType "swiss"]
[EventCountry "GBR"]
[SourceTitle "playchess.com"]
[Source "ChessBase"]
[SourceQuality "1"]
[TimeControl "40/5400+30:1800+30"]

1. Nf3 Nf6 2. c4 e6 3. g3 d5 4. Bg2 Be7 5. O-O O-O 6. b3 c5 7. Bb2 Nc6 8. cxd5 exd5 9. d4 b6 10. Nc3 Bb7 11. Rc1 Re8 12. a3 Rc8 13. Bh3 Rb8 14. Qd3 cxd4 15. Nxd4 Nxd4 16. Qxd4 Bc5 17. Qh4 d4 18. Rfd1 Qe7 19. Nb1 Qxe2 20. Nd2 Ne4 21. Nxe4 Rxe4 22. Qg5 Qf3 23. Bg2 Re1+ 0-1

[Event "106th British-ch Major 2019"]
[Site "Torquay"]
[Date "2019.08.04"]
[Round "9.22"]
[White "Forster, James Connor C"]
[Black "Hosdurga, Chirag"]
[Result "1-0"]
[ECO "E92"]
[WhiteElo "1831"]
[BlackElo "1926"]
[Annotator "NA"]
[PlyCount "79"]
[EventDate "2019.07.27"]
[EventType "swiss"]
[EventCountry "GBR"]
[SourceTitle "playchess.com"]
[Source "ChessBase"]
[SourceQuality "1"]
[TimeControl "40/5400+30:1800+30"]

1. d4 Nf6 2. c4 g6 3. Nc3 Bg7 4. e4 d6 5. Nf3 O-O 6. Be2 e5 7. Be3 Nc6 8. d5 Ne7 9. Nd2 Nd7 10. b4 f5 11. f3 f4 12. Bf2 g5 13. c5 Nf6 14. Nc4 Ne8 15. Rc1 h5 16. Nb5 b6 17. cxd6 cxd6 18. a4 Ng6 19. Qb3 g4 20. Ncxd6 Nxd6 21. Nxd6 Qg5 22. Bf1 Bd7 23. Rc7 Qd8 24. Qc3 Rf6 25. Nb5 Bf8 26. Rxa7 Rc8 27. Rc7 Bxb4 28. Qxb4 Rxc7 29. Nxc7 Qxc7 30. Kd2 Rf8 31. Qxb6 Qc8 32. Qxg6+ Kh8 33. Qxh5+ Kg7 34. Qxe5+ Kg6 35. Bd4 Rf7 36. Bd3 Bxa4 37. Rb1 gxf3 38. Rb6+ Kh7 39. Qh5+ Kg8 40. Qh8# 1-0

[Event "106th British-ch Major 2019"]
[Site "Torquay"]
[Date "2019.08.04"]
[Round "9.24"]
[White "Garnett, John S"]
[Black "Cusick, Peter W"]
[Result "0-1"]
[ECO "B38"]
[WhiteElo "1885"]
[BlackElo "1971"]
[Annotator "NA"]
[PlyCount "94"]
[EventDate "2019.07.27"]
[EventType "swiss"]
[EventCountry "GBR"]
[SourceTitle "playchess.com"]
[Source "ChessBase"]
[SourceQuality "1"]
[TimeControl "40/5400+30:1800+30"]

1. c4 c5 2. Nf3 Nf6 3. d4 cxd4 4. Nxd4 Nc6 5. Nc3 d6 6. e4 g6 7. Be2 Bg7 8. Be3 O-O 9. O-O Bd7 10. f3 Nxd4 11. Bxd4 Bc6 12. Qd2 a6 13. Rac1 Rb8 14. Rfd1 b5 15. Qe3 bxc4 16. Bxc4 Qa5 17. Nd5 Bxd5 18. exd5 Rfe8 19. Bc3 Qa4 20. Qe2 a5 21. Bb3 Qh4 22. Bxa5 Nh5 23. Rc4 Qg5 24. Rg4 Qf5 25. Ba4 Rxb2 26. Qe1 Reb8 27. Bb3 Nf4 28. Bd2 Bd4+ 29. Kh1 Be5 30. Bxf4 Bxf4 31. Qxe7 h5 32. Rxf4 Qxf4 33. Qe1 Qg5 34. Qg3 Qf6 35. h3 Re2 36. Bc4 Re3 37. Qf2 Rbe8 38. a4 Ra3 39. Bb5 Ra1 40. Rxa1 Qxa1+ 41. Kh2 Re1 42. f4 Rh1+ 43. Kg3 Qa3+ 44. Kh4 Qc3 45. Bc6 Re1 46. Kg5 Kg7 47. Kh4 Re3 0-1

[Event "106th British-ch Major 2019"]
[Site "Torquay"]
[Date "2019.08.04"]
[Round "9.25"]
[White "Mueller, Jens"]
[Black "Kirupakaran, Vishnu"]
[Result "0-1"]
[ECO "D02"]
[WhiteElo "1965"]
[BlackElo "1771"]
[Annotator "NA"]
[PlyCount "96"]
[EventDate "2019.07.27"]
[EventType "swiss"]
[EventCountry "GBR"]
[SourceTitle "playchess.com"]
[Source "ChessBase"]
[SourceQuality "1"]
[TimeControl "40/5400+30:1800+30"]

1. d4 d5 2. Bf4 c5 3. e3 Nc6 4. c3 Nf6 5. Nd2 e6 6. Ngf3 Bd6 7. Bg3 O-O 8. Bd3 b6 9. e4 Be7 10. e5 Nd7 11. h4 f5 12. Bf4 Qe8 13. a3 a6 14. h5 b5 15. Rh3 b4 16. axb4 cxd4 17. Nxd4 Ndxe5 18. N2f3 Nxf3+ 19. Nxf3 Bb7 20. Kf1 Qd7 21. Ne5 Nxe5 22. Bxe5 Bf6 23. Qe2 Qc6 24. Rg3 Rf7 25. f4 Kf8 26. Re3 Qb6 27. Re1 Re8 28. h6 g6 29. Bxf6 Rxf6 30. Re5 d4 31. Bc4 dxc3 32. bxc3 Kf7 33. Qe3 Qc6 34. Bd5 Qb5+ 35. c4 Qxb4 36. Bxe6+ Rfxe6 37. Qd3 Rxe5 38. fxe5 Qc5 39. Qd7+ Qe7 40. e6+ Kg8 41. c5 Bc8 42. Qd4 Qf8 43. c6 Bxe6 44. c7 Qxh6 45. Rxe6 Qc1+ 46. Kf2 Qc2+ 47. Kg1 Qc1+ 48. Kh2 Qxc7+ 0-1

[Event "106th British-ch Major 2019"]
[Site "Torquay"]
[Date "2019.08.04"]
[Round "9.26"]
[White "Fathallah, Joe"]
[Black "Gray, Edward"]
[Result "1/2-1/2"]
[ECO "A30"]
[WhiteElo "1952"]
[BlackElo "1757"]
[Annotator "NA"]
[PlyCount "115"]
[EventDate "2019.07.27"]
[EventType "swiss"]
[EventCountry "GBR"]
[SourceTitle "playchess.com"]
[Source "ChessBase"]
[SourceQuality "1"]
[TimeControl "40/5400+30:1800+30"]

1. b3 Nf6 2. Bb2 g6 3. e3 Bg7 4. Nf3 O-O 5. c4 d5 6. cxd5 Nxd5 7. Bxg7 Kxg7 8. d4 c5 9. Be2 Nc6 10. O-O cxd4 11. Nxd4 e5 12. Nxc6 bxc6 13. Qc2 Qb6 14. Nc3 Re8 15. Na4 Qc7 16. Rfc1 Bd7 17. Nc5 Rac8 18. Rd1 Be6 19. Rac1 Nb4 20. Qb2 Rcd8 21. Rxd8 Rxd8 22. a3 Nd5 23. Nxe6+ fxe6 24. Bb5 Ne7 25. Bc4 Kf7 26. Qe2 Qd6 27. Qf3+ Kg7 28. e4 Qd2 29. Rf1 Rd6 30. Qh3 Qd4 31. Qf3 Ng8 32. g3 Nf6 33. Re1 h5 34. h3 a5 35. Re3 Qa1+ 36. Kh2 Qxa3 37. Rd3 Qc5 38. Kg2 Qb4 39. Qe3 Qa3 40. Qa7+ Kh6 41. Qe3+ Kg7 42. Rxd6 Qxd6 43. Qa7+ Kh6 44. Qxa5 Nxe4 45. Qe1 Nd2 46. Bxe6 Qxe6 47. Qxd2+ Kh7 48. Qd3 Kh6 49. h4 Qf6 50. b4 Qe6 51. Qe3+ Kg7 52. Qe4 Qd6 53. Kf3 Qd1+ 54. Ke3 Qe1+ 55. Kd3 Qb1+ 56. Ke3 Qe1+ 57. Kf3 Qh1+ 58. Ke3 1/2-1/2

[Event "106th British-ch Major 2019"]
[Site "Torquay"]
[Date "2019.08.04"]
[Round "9.27"]
[White "Pink, Joshua"]
[Black "Gogia, Armaan"]
[Result "0-1"]
[ECO "B90"]
[WhiteElo "1907"]
[BlackElo "1754"]
[Annotator "NA"]
[PlyCount "118"]
[EventDate "2019.07.27"]
[EventType "swiss"]
[EventCountry "GBR"]
[SourceTitle "playchess.com"]
[Source "ChessBase"]
[SourceQuality "1"]
[TimeControl "40/5400+30:1800+30"]

1. e4 c5 2. Nf3 d6 3. d4 cxd4 4. Nxd4 Nf6 5. Nc3 a6 6. h3 Qb6 7. Nb3 Nc6 8. Be3 Qc7 9. Be2 e6 10. a4 b6 11. O-O Be7 12. f4 Bb7 13. Bf3 O-O 14. Qe2 Rfd8 15. Rad1 Nd7 16. Nd4 Bf6 17. g4 Rac8 18. g5 Bxd4 19. Bxd4 Nxd4 20. Rxd4 Qc5 21. Qf2 e5 22. fxe5 Nxe5 23. Bg2 Rc7 24. Nd5 Bxd5 25. Rxd5 Qxc2 26. Qxb6 Qc6 27. Qxc6 Rxc6 28. Rfd1 Nc4 29. e5 Nxb2 30. Rxd6 Rcxd6 31. Rxd6 Rxd6 32. exd6 Kf8 33. Bf1 Nxa4 34. Bxa6 Nc5 35. Bc4 Ne4 36. d7 Ke7 37. h4 Nd6 38. Bd3 Kxd7 39. h5 h6 40. gxh6 gxh6 41. Kg2 Ke7 42. Kg3 Kf6 43. Kf4 Nb7 44. Be2 Nc5 45. Bb5 Ne6+ 46. Kg4 Ke5 47. Bd3 Ng7 48. Be2 f5+ 49. Kg3 Ke4 50. Bf3+ Ke3 51. Bd1 f4+ 52. Kg4 Ke4 53. Bc2+ Ke5 54. Bd1 Nf5 55. Ba4 Ne3+ 56. Kf3 Kf5 57. Bd7+ Kg5 58. Be8 Ng4 59. Bb5 Nf6 0-1

[Event "106th British-ch Major 2019"]
[Site "Torquay"]
[Date "2019.08.04"]
[Round "9.28"]
[White "Salmons, Calum"]
[Black "Metcalfe, Charlie P"]
[Result "0-1"]
[ECO "C00"]
[WhiteElo "1898"]
[BlackElo "1739"]
[Annotator "NA"]
[PlyCount "76"]
[EventDate "2019.07.27"]
[EventType "swiss"]
[EventCountry "GBR"]
[SourceTitle "playchess.com"]
[Source "ChessBase"]
[SourceQuality "1"]
[TimeControl "40/5400+30:1800+30"]

1. e4 e6 2. Nf3 d5 3. e5 c5 4. b4 cxb4 5. d4 Nc6 6. a3 f6 7. axb4 Bxb4+ 8. c3 Be7 9. Bd3 fxe5 10. Nxe5 Nf6 11. O-O O-O 12. f4 Bd7 13. Ra2 Be8 14. g4 Qb6 15. g5 Ne4 16. Rb2 Qc7 17. Bxe4 dxe4 18. Qb3 Nxe5 19. fxe5 Rxf1+ 20. Kxf1 Qb6 21. Qxb6 axb6 22. Rxb6 Bc6 23. Rb2 Kf7 24. h4 Kg6 25. Kg2 Rf8 26. Kg3 Rf1 27. Bf4 e3 28. d5 Bxd5 29. c4 Bc6 30. Nc3 Kf5 31. Ne2 Rf3+ 32. Kh2 Rxf4 33. Nxf4 Kxf4 34. Kg1 Bf3 35. Kf1 e2+ 36. Ke1 Bc5 37. Rb5 Bd4 38. Rb3 Kg3 0-1

[Event "106th British-ch Major 2019"]
[Site "Torquay"]
[Date "2019.08.04"]
[Round "9.29"]
[White "Merriman, James"]
[Black "Rushbrooke, Tibo"]
[Result "0-1"]
[ECO "A81"]
[WhiteElo "1808"]
[BlackElo "1700"]
[Annotator "NA"]
[PlyCount "132"]
[EventDate "2019.07.27"]
[EventType "swiss"]
[EventCountry "GBR"]
[SourceTitle "playchess.com"]
[Source "ChessBase"]
[SourceQuality "1"]
[TimeControl "40/5400+30:1800+30"]

1. d4 f5 2. g3 Nf6 3. Bg2 e6 4. Nh3 Be7 5. Nd2 O-O 6. O-O d6 7. c3 Kh8 8. Qb3 Qe8 9. Bxb7 Bxb7 10. Qxb7 Nc6 11. f4 Rb8 12. Qa6 Rb6 13. Qd3 Qh5 14. Nf2 e5 15. Nc4 e4 16. Qc2 Rbb8 17. Ne3 d5 18. a4 Rg8 19. Ng2 Rbf8 20. e3 Bd6 21. Qd1 Ng4 22. h3 Nf6 23. Qxh5 Nxh5 24. g4 Nf6 25. g5 Nh5 26. b4 h6 27. h4 hxg5 28. hxg5 g6 29. Nh4 Rf7 30. Kg2 Rh7 31. Rh1 Kg7 32. Bb2 Rgh8 33. Rh3 Nxf4+ 34. exf4 Rxh4 35. Rah1 Rxh3 36. Nxh3 Rxh3 37. Kxh3 Bxf4 38. Bc1 Bxc1 39. Rxc1 f4 40. Kg4 f3 41. Kf4 Kf7 42. Ra1 Ke6 43. a5 Ne7 44. b5 Nf5 45. Rb1 Nd6 46. a6 Nc4 47. Ra1 f2 48. Kg3 e3 49. Kf3 Kf5 50. Ke2 Nd2 51. Kxe3 f1=Q 52. Rxf1+ Nxf1+ 53. Kd3 Kxg5 54. c4 dxc4+ 55. Kxc4 Kf6 56. Kc5 Ke7 57. Kc6 Kd8 58. d5 Kc8 59. b6 cxb6 60. d6 Ne3 61. d7+ Kd8 62. Kb7 Nd5 63. Kxa7 g5 64. Kb7 g4 65. a7 Nc7 66. Kxb6 g3 0-1

[Event "106th British-ch Major 2019"]
[Site "Torquay"]
[Date "2019.08.04"]
[Round "9.30"]
[White "Pattni, Kishan"]
[Black "Ruane, Brendan J"]
[Result "0-1"]
[ECO "A40"]
[WhiteElo "1608"]
[BlackElo "1904"]
[Annotator "NA"]
[PlyCount "80"]
[EventDate "2019.07.27"]
[EventType "swiss"]
[EventCountry "GBR"]
[SourceTitle "playchess.com"]
[Source "ChessBase"]
[SourceQuality "1"]
[TimeControl "40/5400+30:1800+30"]

1. c4 b6 2. d4 Bb7 3. Nc3 e6 4. e4 Bb4 5. f3 Bxc3+ 6. bxc3 f5 7. e5 Nh6 8. Nh3 Nf7 9. Qd2 O-O 10. Nf4 Re8 11. Nd3 Nc6 12. c5 Na5 13. Qf2 Rc8 14. h4 d6 15. f4 Qd7 16. Be3 Qa4 17. Be2 Be4 18. O-O Bxd3 19. Bxd3 bxc5 20. exd6 cxd4 21. d7 Qxd7 22. Bxd4 c5 23. Ba6 cxd4 24. Bxc8 Rxc8 25. Rfd1 d3 26. Qe1 Nc4 27. Rab1 d2 28. Qe2 Nfd6 29. Qd3 Qc6 30. Kh2 Ne4 31. Rf1 Qd6 32. Qf3 a5 33. Rb7 Qd5 34. Rfb1 Ncd6 35. Rd7 Qc5 36. Qh5 Qxc3 37. Rb3 Qf6 38. Rd3 Nf7 39. Ra7 g6 40. Qe2 Qxh4+ 0-1

[Event "106th British-ch Major 2019"]
[Site "Torquay"]
[Date "2019.08.04"]
[Round "9.31"]
[White "Hussain, Adam"]
[Black "Miller, George I"]
[Result "0-1"]
[ECO "C01"]
[WhiteElo "1515"]
[BlackElo "1891"]
[Annotator "NA"]
[PlyCount "116"]
[EventDate "2019.07.27"]
[EventType "swiss"]
[EventCountry "GBR"]
[SourceTitle "playchess.com"]
[Source "ChessBase"]
[SourceQuality "1"]
[TimeControl "40/5400+30:1800+30"]

1. d4 e6 2. e4 d5 3. exd5 exd5 4. Nc3 Bb4 5. Bd3 Ne7 6. Qf3 Be6 7. Nge2 Nbc6 8. O-O Qd7 9. Be3 O-O-O 10. a3 Bd6 11. Nb5 Kb8 12. Nxd6 Qxd6 13. b4 Ng6 14. b5 Nce7 15. a4 Nh4 16. Qf4 Qxf4 17. Nxf4 Bf5 18. Rfd1 Bxd3 19. Nxd3 Nhf5 20. Ne5 Nd6 21. f3 f6 22. Nd3 Rhe8 23. Bf2 Kc8 24. Rab1 Nc4 25. Nb2 Nxb2 26. Rxb2 Nf5 27. Rb3 Nd6 28. Kf1 Re6 29. Be3 Rde8 30. Kf2 Nf5 31. Rdd3 Kd7 32. Rbc3 Nxe3 33. Rxe3 Rxe3 34. Rxe3 Rxe3 35. Kxe3 c6 36. Kd3 cxb5 37. axb5 a5 38. bxa6 bxa6 39. Kc3 a5 40. Kb3 Kc6 41. Ka4 Kb6 42. f4 f5 43. h3 h5 44. g3 Ka6 45. h4 Kb6 46. Ka3 Kb5 47. Kb3 a4+ 48. Ka3 Ka5 49. c4 dxc4 50. d5 c3 51. d6 Kb6 52. Kxa4 c2 53. d7 Kc7 54. g4 c1=Q 55. g5 Qb2 56. g6 Kxd7 57. Ka5 Kc6 58. Ka4 Kc5 0-1

[Event "106th British-ch Major 2019"]
[Site "Torquay"]
[Date "2019.08.04"]
[Round "9.32"]
[White "Robertson, Jim"]
[Black "Howell, Oliver W"]
[Result "0-1"]
[ECO "A45"]
[WhiteElo "1580"]
[BlackElo "1797"]
[Annotator "NA"]
[PlyCount "92"]
[EventDate "2019.07.27"]
[EventType "swiss"]
[EventCountry "GBR"]
[SourceTitle "playchess.com"]
[Source "ChessBase"]
[SourceQuality "1"]
[TimeControl "40/5400+30:1800+30"]

1. d4 Nf6 2. e3 g6 3. f4 Bg7 4. Nf3 O-O 5. c3 d6 6. Bc4 Nc6 7. Qe2 e5 8. dxe5 dxe5 9. e4 exf4 10. Bxf4 Nxe4 11. O-O Nd6 12. Bxd6 Qxd6 13. Nbd2 Bg4 14. Ne4 Qe7 15. Qc2 Rae8 16. Bd5 Bf5 17. Nfg5 h6 18. g4 Qxg5 19. Nxg5 Bxc2 20. Nxf7 Be4 21. Nxh6+ Kh7 22. Rxf8 Bxf8 23. Bxe4 Rxe4 24. Nf7 Rxg4+ 25. Kh1 Kg7 26. h3 Rf4 27. Ng5 Rf6 28. Re1 Bd6 29. Ne4 Re6 30. Kg2 Ne7 31. Kf3 Nd5 32. Rd1 Nf6 33. Ng5 Re5 34. h4 Rf5+ 35. Ke2 Re5+ 36. Kf3 Nh7 37. Ne4 Rf5+ 38. Ke2 Be5 39. Nc5 Nf6 40. Nxb7 Bg3 41. Rh1 Rf2+ 42. Kd3 Rxb2 43. Nd8 Rb6 44. Ke3 c5 45. Kf3 Bc7 46. Rd1 Kf8 0-1

[Event "106th British-ch Major 2019"]
[Site "Torquay"]
[Date "2019.08.04"]
[Round "9.33"]
[White "Paulden, Tim"]
[Black "Liu, Jack"]
[Result "1/2-1/2"]
[ECO "B12"]
[WhiteElo "1902"]
[BlackElo "1259"]
[Annotator "NA"]
[PlyCount "79"]
[EventDate "2019.07.27"]
[EventType "swiss"]
[EventCountry "GBR"]
[SourceTitle "playchess.com"]
[Source "ChessBase"]
[SourceQuality "1"]
[TimeControl "40/5400+30:1800+30"]

1. e4 c6 2. d4 d5 3. e5 c5 4. dxc5 e6 5. Be3 Nh6 6. c3 Nf5 7. Bd4 Bd7 8. Nf3 Nc6 9. Bb5 Nxe5 10. Nxe5 Bxb5 11. a4 Bd7 12. O-O Qc7 13. b4 a5 14. f4 axb4 15. cxb4 Nxd4 16. Qxd4 Rxa4 17. Rxa4 Bxa4 18. Nc3 Bd7 19. Ra1 f6 20. Nf3 Kf7 21. Re1 Be7 22. f5 Qc6 23. fxe6+ Bxe6 24. Qf4 Bxc5+ 25. bxc5 Qxc5+ 26. Qd4 Rc8 27. Qxc5 Rxc5 28. Ne2 Bd7 29. Ned4 Rc4 30. Kf2 Rb4 31. Rc1 Ke7 32. Ke3 Rb2 33. g3 g6 34. Re1 Kd6 35. Kd3 Ra2 36. Rb1 Bc6 37. Rb3 Rf2 38. Ke3 Ra2 39. Kd3 Rf2 40. Ke3 1/2-1/2

[Event "106th British-ch Major 2019"]
[Site "Torquay"]
[Date "2019.08.04"]
[Round "9.34"]
[White "Sheikh, Anum"]
[Black "Morgan, Jamie"]
[Result "1-0"]
[ECO "B34"]
[WhiteElo "1693"]
[BlackElo "1894"]
[Annotator "NA"]
[PlyCount "56"]
[EventDate "2019.07.27"]
[EventType "swiss"]
[EventCountry "GBR"]
[SourceTitle "playchess.com"]
[Source "ChessBase"]
[SourceQuality "1"]
[TimeControl "40/5400+30:1800+30"]

1. e4 c5 2. Nf3 g6 3. d4 cxd4 4. Nxd4 Nc6 5. Nb3 Bg7 6. Nc3 Nf6 7. Be2 O-O 8. O-O a5 9. a4 Nb4 10. Bg5 d5 11. Bxf6 Bxf6 12. exd5 Bf5 13. Qd2 Bxc2 14. Nd4 Bxd4 15. Qxd4 Bb3 16. Qe5 Nxd5 17. Bf3 Nxc3 18. Qxc3 Qb6 19. Ra3 Be6 20. Re1 Rac8 21. Qd2 Rfd8 22. Qe2 Qb4 23. Rc3 Rxc3 24. bxc3 Qxc3 25. Bxb7 Rd2 26. Qf3 Ra2 27. Qxc3 Rd2 28. Qf3 Ra2 1-0

[Event "106th British-ch Major 2019"]
[Site "Torquay"]
[Date "2019.08.04"]
[Round "9.35"]
[White "Hilton, Tim"]
[Black "May, Paul"]
[Result "1-0"]
[ECO "B23"]
[WhiteElo "1892"]
[BlackElo "1832"]
[Annotator "NA"]
[PlyCount "61"]
[EventDate "2019.07.27"]
[EventType "swiss"]
[EventCountry "GBR"]
[SourceTitle "playchess.com"]
[Source "ChessBase"]
[SourceQuality "1"]
[TimeControl "40/5400+30:1800+30"]

1. e4 c5 2. Nc3 a6 3. f4 b5 4. a4 b4 5. Nce2 Bb7 6. d3 e6 7. Nf3 d5 8. e5 Ne7 9. d4 c4 10. Be3 Nbc6 11. g3 Nf5 12. Bf2 Be7 13. Bg2 Na5 14. O-O h5 15. h3 g5 16. g4 hxg4 17. hxg4 Nh4 18. Nxh4 gxh4 19. Bh3 Kd7 20. Qe1 Nc6 21. g5 Rh7 22. Kh2 Qh8 23. Rg1 Rg8 24. Rg4 Qg7 25. Ng1 Qg6 26. Rc1 Qf5 27. Nf3 Bxg5 28. Nxg5 Rh6 29. Qe3 Ne7 30. Rgg1 Qg6 31. Nxe6 1-0

[Event "106th British-ch Major 2019"]
[Site "Torquay"]
[Date "2019.08.04"]
[Round "9.36"]
[White "Donnelly, Andrew J"]
[Black "Renshaw, Lucas"]
[Result "1-0"]
[ECO "C00"]
[WhiteElo "1385"]
[BlackElo "1596"]
[Annotator "NA"]
[PlyCount "53"]
[EventDate "2019.07.27"]
[EventType "swiss"]
[EventCountry "GBR"]
[SourceTitle "playchess.com"]
[Source "ChessBase"]
[SourceQuality "1"]
[TimeControl "40/5400+30:1800+30"]

1. e4 e6 2. d3 d5 3. Nd2 c5 4. g3 Nc6 5. Bg2 Nf6 6. Ne2 Be7 7. O-O O-O 8. c3 e5 9. h3 dxe4 10. dxe4 Qc7 11. Qc2 b6 12. Nf3 Ba6 13. Bg5 Rfd8 14. Rfd1 Rac8 15. g4 Ne8 16. Ng3 g6 17. Bh6 Ng7 18. Nf1 Bxf1 19. Bxf1 Ne6 20. Bc4 Nf4 21. Kh2 Na5 22. Ba6 Rb8 23. Bf1 Bf6 24. Qa4 c4 25. Rxd8+ Rxd8 26. Rd1 Rxd1 27. Qe8# {[%emt 0:00:45] Rd8 Qa4 Rd1 Qe8#} 1-0

[Event "106th British-ch Major 2019"]
[Site "Torquay"]
[Date "2019.08.04"]
[Round "9.37"]
[White "Lim, Mark"]
[Black "Cowan, Richard M"]
[Result "1-0"]
[ECO "B13"]
[WhiteElo "1822"]
[BlackElo "1931"]
[Annotator "NA"]
[PlyCount "105"]
[EventDate "2019.07.27"]
[EventType "swiss"]
[EventCountry "GBR"]
[SourceTitle "playchess.com"]
[Source "ChessBase"]
[SourceQuality "1"]
[TimeControl "40/5400+30:1800+30"]

1. e4 c6 2. d4 d5 3. exd5 cxd5 4. Bd3 Nc6 5. c3 Qc7 6. h3 g6 7. Ne2 Bf5 8. Bxf5 gxf5 9. O-O Nf6 10. Bf4 Qd7 11. Nd2 Rg8 12. Nf3 Ne4 13. b4 Bg7 14. a4 Rc8 15. Qd3 e6 16. a5 Ne7 17. Ne5 Bxe5 18. Bxe5 Ng6 19. Rfc1 Rc4 20. f3 Ng5 21. Kf2 Qe7 22. Rh1 Nxe5 23. dxe5 f6 24. Qe3 a6 25. h4 Nf7 26. exf6 Qxf6 27. g3 Ne5 28. Rad1 Kd7 29. Rd4 Kc8 30. Rxc4+ Nxc4 31. Qc5+ Kb8 32. Qd4 Qg6 33. h5 Qf7 34. Qc5 Rc8 35. Qd4 e5 36. Qh4 e4 37. Qf4+ Ka8 38. g4 e3+ 39. Kg3 Rg8 40. Nd4 Rf8 41. Nxf5 Qd7 42. Re1 Nd2 43. Qxe3 Qc7+ 44. Kh3 Nc4 45. Qe7 Qc8 46. Nd4 Nd2 47. Kg3 Qb8+ 48. Kg2 Qc8 49. Qc5 Qd8 50. Ne6 Nxf3 51. Nxd8 Nxe1+ 52. Kg3 Rxd8 53. Qe7 1-0